 Dungeon Crawl Stone Soup version 0.30-a0-465-g8901f6c8b5 (webtiles) character file.

Game seed: 4319278567294568294

1206 bjtr the Geomancer (level 8, -8/63 HPs)
             Began as a Gargoyle Earth Elementalist on Dec 18, 2022.
             Was an Initiate of Vehumet.
             Killed from afar by a gargoyle (26 damage)
             ... with a stone arrow
             ... on level 6 of the Dungeon.
             The game lasted 00:41:39 (6785 turns).

bjtr the Geomancer (Gargoyle Earth Elementalist)    Turns: 6785, Time: 00:41:39

Health: -8/63      AC: 28    Str: 11 (12) XL:     8   Next: 45%
Magic:  8/16       EV:  2    Int: 23 (24) God:    Vehumet [......]
Gold:   429        SH:  5    Dex:  9 (10) Spells: 8/18 levels left

rFire   . . .      SeeInvis +    a - +9 rapier "Soriah" {drain, SInv}
rCold   . . .      Faith    .    (no shield)
rNeg    + . .      Spirit   .    (body armour currently unavailable)
rPois   ∞          Reflect  +    (helmet currently unavailable)
rElec   .          Harm     .    (cloak currently unavailable)
rCorr   .          Rampage  .    (gloves currently unavailable)
Will    .....      NoTele   +    (boots currently unavailable)
Stlth   ++........               E - amulet of reflection
HPRegen 0.30/turn                O - +4 ring of protection
MPRegen 0.15/turn                N - +6 ring of intelligence

@: tree-form
A: stationary, stasis, torment immunity, boosted hp, sickness immunity, AC +5,
negative energy resistance 1, (electricity resistance), torment resistance 1,
petrification resistance
a: Renounce Religion


You were on level 6 of the Dungeon.
You worshipped Vehumet.
Vehumet was noncommittal.
You were a tree.
You visited 2 branches of the dungeon, and saw 7 of its levels.
You also visited: Sewer.

You collected 429 gold pieces.

Inventory:

Hand Weapons
 a - the +9 rapier "Soriah" (weapon) {drain, SInv}
   (You found it on level 6 of the Dungeon)

   A truly terrible weapon, it drains the life of any living foe it strikes.
   SInv:      It lets you see invisible.
 b - the +3 woodcutter's axe {vorpal}
   (You found it on level 4 of the Dungeon)

   It inflicts extra damage upon your enemies.
 c - a +0 dagger of protection
 k - a +0 flail
 p - a +0 falchion
 r - a +4 dagger
 v - a +4 flail
 x - a +0 sling
 D - a +1 whip of draining
 G - a +2 short sword of venom
 I - a +0 war axe
 L - the +9 whip "Kelyrui" {freeze, rC- Int+6 Dex+9}
   (You found it on level 6 of the Dungeon)

   It freezes those it strikes, dealing additional cold damage.
   It can also slow down cold-blooded creatures.
   Int:       It affects your intelligence (+6).
   Dex:       It affects your dexterity (+9).
   rC:        It makes you vulnerable to cold.
 M - a +0 sling
Missiles
 f - 57 stones
 h - a throwing net
 o - 19 poisoned darts
 t - 6 javelins
 w - 3 boomerangs
Armour
 d - a +0 scale mail
 g - a +0 leather armour (melded)
 q - a +0 helmet (melded)
Magical Staves
 P - a staff of earth
Jewellery
 i - an amulet of faith
 E - an amulet of reflection (around neck)
 J - a ring of willpower
 N - a +6 ring of intelligence (right branch)
 O - a +4 ring of protection (left branch)
Wands
 y - a wand of flame (17)
 Q - a wand of paralysis (3)
Scrolls
 z - a scroll of teleportation
 C - 2 scrolls of enchant weapon
 H - a scroll of fear
 R - a scroll of identify
Potions
 e - a potion of berserk rage
 j - a potion of degeneration
 l - 3 potions of resistance
 m - a potion of lignification
 n - 4 potions of curing
 s - a potion of cancellation {unknown}
 u - 2 potions of attraction
 A - a potion of brilliance {unknown}
 B - a potion of invisibility {unknown}
 F - a potion of haste {unknown}
 K - 4 potions of magic


   Skills:
 + Level 0.4 Fighting
 * Level 3.4 Armour
 + Level 2.0 Dodging
 + Level 3.5 Stealth
 + Level 0.4 Shields
 * Level 5.7 Spellcasting
 - Level 0.7 Transmutations
 * Level 8.4 Earth Magic


You had 8 spell levels left.
You knew the following spells:

 Your Spells              Type           Power      Damage    Failure   Level
a - Sandblast             Erth           90%        2d19      1%          1
b - Passwall              Tmut/Erth      22%        N/A       1%          2
c - Stone Arrow           Conj/Erth      52%        3d10      4%          3
d - Petrify               Tmut/Erth      27%        N/A       13%         4

Your spell library contained the following spells:

 Spells                   Type           Power      Damage    Failure   Level
 Ensorcelled Hibernation  Hex/Ice        12%        N/A       13%         2
 Portal Projectile        Hex/Tloc       12%        N/A       26%         3
 Swiftness                Air            6%         N/A       26%         3
 Tukima's Dance           Hex            6%         N/A       26%         3
 Blade Hands              Tmut           4%         N/A       88%         5


Dungeon Overview and Level Annotations

Branches:
Dungeon (6/15)             Temple (1/1) D:6           Sewer (visited)

Altars:
Ashenzari
Cheibriados
Elyvilon
Fedhas
Gozag
Hepliaklqana
Kikubaaqudgha
Makhleb
Nemelex Xobeh
Okawaru
Qazlal
Ru
Sif Muna
Trog
Uskayaw
Vehumet
Wu Jian
Yredelemnul
Zin
The Shining One

Shops:
D:5 (   D:6 *=


Innate Abilities, Weirdness & Mutations

You are a tree.
Your roots penetrate the ground, keeping you stationary.
You cannot be teleported.
You are immune to unholy pain and torment.
Your maximum health is greatly increased.
Your equipment is partially melded.
You are immune to sickness and miasma.
((Your stone body is resilient. (AC +5)))
You are immune to poison.
You resist negative energy. (rN+)
((You are resistant to electric shocks. (rElec)))
You are resistant to unholy torment.
You are immune to petrification.


Message History

The stone arrow hits the gargoyle!
The gargoyle is heavily damaged.
The gargoyle hurls a stone arrow at you.
The stone arrow hits you!!
Casting: Stone Arrow (dangerous; 5% risk of failure)
Confirm with . or Enter, or press ? or * to list all spells.
Aiming: Stone Arrow (dangerous; 5% risk of failure)
Press: ? - help, Shift-Dir - straight line, f/p - gargoyle
Aim: a gargoyle, wielding a +0 dire flail of pain (heavily damaged, 86% to hit)
The stone arrow hits the gargoyle.
The gargoyle is severely damaged.
The gargoyle hurls a stone arrow at you.
The stone arrow hits you!
* * * LOW HITPOINT WARNING * * *
Okay, then.
As you read the scroll of teleportation, it crumbles to dust.
You feel strangely unstable.
You can't see any enemies this would affect, really read the scroll of fear?
Okay, then.
Unknown command.
Unknown command.
Unknown command.
Unknown command.
It was a potion of degeneration.
There was something very wrong with that liquid.
You feel weakened.
You feel dopey.
You feel clumsy.
It was a potion of lignification.
You turn into a tree.
Your +0 helmet melds into your body.
Your +0 leather armour melds into your body.
Your roots penetrate the ground.
You feel strangely stable. The gargoyle barely misses you.
You hit the gargoyle.
The gargoyle is severely damaged.
The gargoyle hits you but does no damage.
You hit the gargoyle.
The gargoyle is severely damaged.
The gargoyle hits you but does no damage.
The gargoyle hurls a stone arrow at you.
The stone arrow hits you!!
You die...

.....#.# #........#
####.# #.# .#...#.#
#........# #.# #.#
.....#.# ###.######
#.# #.# ...>...#
#.# #.# #.#
.###########.# #.#
#.. .............#
#.# ###
###########.†# #[#
# ........#
#..##############.#
# .######.#
#).#.9♣...........#
# .# #.#
#..#.##############
# .# #.# #..#.# #
.# #.# #..#9# # .#
#.# ####.# # ## #.#
#.# #.# #.#
#.######.#
#........#


You could see a gargoyle.

Vanquished Creatures
  2 black bears
  A kobold brigand (Sewer)
  A gnoll sergeant (D:4)
  3 scorpions
  A howler monkey (D:5)
  A hound (D:6)
  3 gnoll boudas
  2 orc priests
  4 iguanas
  Robin (D:2)
  4 adders (Sewer)
  20 gnolls
  3 river rats (Sewer)
  4 worms
  3 dart slugs (D:1)
  13 orcs
  9 ball pythons
  7 endoplasms
  8 giant cockroaches
  16 goblins
  4 hobgoblins
  9 jackals
  6 kobolds
  4 quokkas
  4 bats
  5 frilled lizards
  8 rats
146 creatures vanquished.

Vanquished Creatures (others)
  A human (D:5)
  16 plants (Sewer)
17 creatures vanquished.

Grand Total: 163 creatures vanquished

Notes
Turn   | Place    | Note
-------+----------+-------------------------------------------
     0 | D:1      | bjtr the Gargoyle Earth Elementalist began the quest for
                  | the Orb.
     0 | D:1      | Reached XP level 1. HP: 10/10 MP: 3/3
   129 | D:1      | Reached XP level 2. HP: 15/15 MP: 0/5
   132 | D:1      | Learned a level 2 spell: Passwall
   262 | D:1      | Reached skill level 4 in Earth Magic
   502 | D:1      | Found a faded altar of an unknown god.
   600 | D:1      | Reached XP level 3. HP: 19/19 MP: 3/6
  1645 | D:3      | Reached XP level 4. HP: 24/24 MP: 5/7
  1680 | D:3      | Noticed Robin
  1686 | D:3      | Reached skill level 1 in Armour
  1693 | D:2      | Killed Robin
  1893 | D:3      | Reached skill level 5 in Earth Magic
  1893 | D:3      | Reached XP level 5. HP: 18/28 MP: 3/9
  2399 | D:4      | Found a glowing drain.
  2465 | Sewer    | Entered a sewer
  2686 | Sewer    | Learned a level 3 spell: Stone Arrow
  2691 | Sewer    | Learned a level 4 spell: Petrify
  3185 | Sewer    | Noticed a kobold brigand
  3189 | Sewer    | Killed a kobold brigand
  3190 | Sewer    | Reached skill level 6 in Earth Magic
  3190 | Sewer    | Reached XP level 6. HP: 32/32 MP: 6/11
  3422 | D:4      | You fall into a shaft and drop 2 floors!
  3429 | D:5      | Entered Level 5 of the Dungeon
  3453 | D:5      | Found Nuanwen's Antique Weapon Shoppe.
  3496 | D:5      | Found a snail-covered altar of Cheibriados.
  3496 | D:5      | Found a basalt altar of Yredelemnul.
  3496 | D:5      | Found an ornate altar of the Wu Jian Council.
  3777 | D:4      | Found a hide-covered altar of Uskayaw.
  4029 | D:4      | Noticed a black bear
  4031 | D:4      | Killed a black bear
  4032 | D:4      | Reached XP level 7. HP: 36/36 MP: 10/13
  4190 | D:4      | Found the +3 woodcutter's axe {vorpal}
  4398 | D:4      | Reached skill level 5 in Spellcasting
  4398 | D:4      | Reached skill level 7 in Earth Magic
  4875 | D:5      | Found a bloodstained altar of Trog.
  4875 | D:5      | Found a hazy altar of Hepliaklqana.
  4917 | D:5      | Found an ancient bone altar of Kikubaaqudgha.
  4918 | D:5      | Noticed a human
  4921 | D:5      | Killed a human
  5133 | D:5      | Reached XP level 8. HP: 41/42 MP: 11/16
  5362 | D:6      | Identified the +9 rapier "Soriah" {drain, SInv}
  5377 | D:6      | Identified the +9 whip "Kelyrui" {freeze, rC- Int+6 Dex+9}
  5625 | D:6      | Found a glowing silver altar of Zin.
  5733 | D:6      | Noticed a gargoyle
  5862 | D:6      | Found Ceiduydi's Gadget Gallery.
  5874 | D:6      | Found a staircase to the Ecumenical Temple.
  5894 | Temple   | Entered the Ecumenical Temple
  5914 | Temple   | Became a worshipper of Vehumet
  6176 | D:6      | Reached skill level 8 in Earth Magic
  6383 | D:6      | Found Qanasaolo's Jewellery Shop.
  6785 | D:6      | Killed from afar by a gargoyle

Illustrated notes

Levels and vault maps discovered:
D:1:      nicolae_arrival_memento_mori, layout_basic,
          shapermc_ecumenical_altar_mp_vishouse, minmay_hexomino_u4
D:2:      layout_loops_cross, nrook_mini_backslash
D:3:      layout_rooms, nrook_mini_vaults, skrybe_limestone_x, uniq_robin
D:4:      layout_loops_ring, amcnicky_altar_gilded, portal_sewer_entry_f,
          minivault_4, pf_guarded_unrand_woodcutter
D:5:      layout_loops_ring, gammafunk_temple_overflow_claw, tgw_kikubaaqudgha,
          nicolae_overflow_two_pavilions, serial_shops, shop,
          roderic_roman_lattice, nicolae_elevator_lobby_asterisk
D:6:      layout_basic, old_standard_altar, minmay_temple_entry_offerings,
          minmay_shop_enchanted_jewellery, nicolae_shop_gadgets
Temple:   minmay_temple_bridge_abc

Skill      XL: |  1  2  3  4  5  6  7  8 |
---------------+-------------------------+-----
Earth Magic    | 4 5 6 7 8 |  8.4
Armour         | 1 2 3 |  3.4
Spellcasting   | 3 4 5 |  5.7
Dodging        | 2 |  2.0
Stealth        | 3 |  3.5
Fighting       | |  0.4
Shields        | |  0.4
Transmutations | |  0.7

Action                   |  1- 3 |  4- 6 |  7- 9 || total
-------------------------+-------+-------+-------++-------
Melee: War axe           |     5 |       |       ||     5
       Flail             |       |    35 |    19 ||    54
       Battleaxe         |       |       |     2 ||     2
       Rapier            |       |       |    29 ||    29
 Cast: Sandblast         |    50 |    97 |    55 ||   202
       Petrify           |       |       |     4 ||     4
       Stone Arrow       |       |       |     3 ||     3
  Use: Scroll            |     3 |     4 |     6 ||    13
       Potion            |       |       |     2 ||     2
 Stab: Sleeping          |     1 |       |       ||     1
       Petrified         |       |       |    18 ||    18
Armor: Leather armour    |     4 |    48 |    15 ||    67
       Robe              |     2 |       |       ||     2
       Skin              |       |       |     2 ||     2
Dodge: Dodged            |     8 |    47 |    28 ||    83
Block: Other             |       |       |     4 ||     4
       Reflection        |       |       |     1 ||     1

Table legend: (Time is in decaauts)
 A = Elapsed time spent in this place.
 B = Non-inter-level travel time spent in this place.
 C = Inter-level travel time spent in this place.
 D = Time resting spent in this place.
 E = Time spent auto-exploring this place.
 F = Levels seen in this place.
 G = Mean time per level.
                   A        B        C        D        E       F      G
               +--------+--------+--------+--------+--------+-----+--------+
         Total |   7092 |   6897 |    195 |    973 |   4216 |   8 |  886.5 |
       Dungeon |   5764 |   5591 |    173 |    919 |   3411 |   6 |  960.7 |
        Temple |    206 |    184 |     22 |      0 |    172 |   1 |  206.0 |
         Sewer |   1121 |   1121 |      0 |     54 |    633 |   1 | 1121.0 |
               +--------+--------+--------+--------+--------+-----+--------+

Top non-repeatable levels by time:
     D:6: 1257 daAuts
     D:4: 1159 daAuts
   Sewer: 1121 daAuts
     D:1: 960 daAuts
     D:5: 825 daAuts
     D:2: 808 daAuts
     D:3: 754 daAuts
  Temple: 206 daAuts
